AoeStats
← ZEAN430

Arena

510419951Analyzed
4v4 RM · 2d ago on Sep 30, 2026· 49m 55s· 8 players
Game mode
Random Map
Map size
Large (8 player)
Population
200
Speed
Normal
Resources
Standard
Victory
Conquest
Starting age
Dark Age
Ending age
Imperial Age
RankedLock teamsTeams togetherTeam positionsShared explorationLock speedFull tech treeHidden civsTurbo modeCheats
Victory
Defeat
🇵🇪 Turks · Peru
1498
+7
🇦🇷 Spanish · Argentina
1449
+9
🇦🇷 Gurjaras · Argentina
1371
+12
🇦🇷 Persians · Argentina
1062
+23
🇹🇷 Dravidians · Türkiye
1298
-14
🇲🇽 Ethiopians · Mexico
1295
-14
🇨🇦 Persians · Canada
1266
-12
🇨🇴 Varangians · Colombia
1227
-11
dedw1ng
9:43 Feudal Age
11:22 Loom
14:44 Castle Age
13:39 Double-Bit Axe
17:15 Bloodlines
17:13 Scale Barding Armor
19:34 Horse Collar
23:41 Forging
24:47 Chain Barding Armor
25:55 Iron Casting
26:56 Bow Saw
26:48 Heavy Plow
27:35 Wheelbarrow
28:29 Hand Cart
28:34 Gold Mining
32:10 Imperial Age
30:38 Husbandry
32:32 Gold Shaft Mining
34:13 Plate Barding Armor
33:36 Stone Mining
34:30 Conscription
33:32 Cavalier
35:43 Blast Furnace
35:30 Stone Shaft Mining
36:26 Heavy Camel Rider
36:26 Savar
37:40 Pikeman
38:20 Squires
38:37 Scale Mail Armor
39:33 Chain Mail Armor
40:58 Plate Mail Armor
40:13 Halberdier
42:28 Fervor
44:58 Light Cavalry
Nova_Wolf
11:50 Feudal Age
15:59 Castle Age
17:08 Loom
21:10 Herbal Medicine
34:29 Wheelbarrow
33:55 Gold Mining
37:40 Forging
37:31 Scale Mail Armor
42:04 Imperial Age
40:26 Fletching
42:17 Padded Archer Armor
42:14 Crossbowman
46:30 Bodkin Arrow
50:01 Chemistry
jaimeerp
5:25 Loom
9:58 Loom
11:56 Feudal Age
12:31 Loom
13:31 Double-Bit Axe
16:16 Castle Age
14:02 Horse Collar
17:33 Bow Saw
19:08 Gold Mining
19:34 Heavy Plow
24:39 Bloodlines
25:06 Scale Barding Armor
25:25 Husbandry
27:55 Wheelbarrow
28:00 Forging
30:08 Chain Barding Armor
31:00 Iron Casting
30:27 Stone Mining
32:31 Hand Cart
37:05 Imperial Age
35:05 Pikeman
35:46 Squires
37:17 Halberdier
38:22 Scale Mail Armor
39:23 Blast Furnace
38:16 Cavalier
39:36 Chain Mail Armor
41:05 Plate Barding Armor
42:27 Masonry
42:13 Murder Holes
42:24 Siege Engineers
42:20 Murder Holes
42:31 Siege Engineers
42:46 Fletching
44:28 Architecture
44:41 Bodkin Arrow
44:47 Padded Archer Armor
45:24 Fortified Wall
45:37 Crossbowman
46:40 Bracer
47:03 Ballistics
47:46 Leather Archer Armor
49:14 Chemistry
LT_OmniSK
10:34 Feudal Age
14:16 Castle Age
12:45 Double-Bit Axe
12:44 Horse Collar
15:32 Bow Saw
15:25 Loom
16:17 Wheelbarrow
20:41 Fletching
20:44 Elite Skirmisher
21:33 Bodkin Arrow
33:20 Imperial Age
31:17 Padded Archer Armor
31:06 Town Watch
33:29 Hand Cart
34:09 Bracer
34:32 Ballistics
36:30 Leather Archer Armor
36:16 Scale Mail Armor
36:38 Pikeman
37:19 Squires
38:28 Halberdier
42:02 Elite Elephant Archer
42:54 Forging
44:22 Fortified Wall
44:22 Masonry
45:52 Ring Archer Armor
45:38 Chain Mail Armor
46:41 Iron Casting
49:49 Medical Corps
ZEAN430
11:37 Feudal Age
13:08 Double-Bit Axe
15:42 Castle Age
15:10 Horse Collar
15:22 Stone Mining
18:50 Gold Mining
19:26 Loom
24:50 Imperial Age
23:03 Padded Archer Armor
24:25 Wheelbarrow
24:27 Gold Shaft Mining
25:26 Bow Saw
25:58 Conscription
26:06 Leather Archer Armor
31:14 Ring Archer Armor
38:02 Elite Janissary
44:15 Thumb Ring
45:19 Hand Cart
49:57 Hoardings
Peinatequevengo
10:29 Feudal Age
14:37 Castle Age
12:50 Double-Bit Axe
14:19 Horse Collar
17:25 Loom
27:45 Wheelbarrow
33:01 Imperial Age
30:47 Hand Cart
31:21 Stone Mining
31:22 Gold Mining
31:46 Bow Saw
31:52 Forging
31:47 Scale Barding Armor
33:56 Iron Casting
33:41 Chain Barding Armor
34:16 Bloodlines
34:06 Husbandry
33:27 Heavy Camel Rider
35:10 Frontier Guards
35:50 Kshatriyas
37:13 Plate Barding Armor
37:31 Light Cavalry
41:47 Heavy Scorpion
43:38 Hussar
48:00 Town Watch
GUASON_
10:37 Feudal Age
14:24 Castle Age
12:28 Double-Bit Axe
12:27 Horse Collar
14:56 Husbandry
16:17 Bow Saw
19:00 Gold Mining
20:08 Scale Barding Armor
21:41 Chain Barding Armor
26:19 Wheelbarrow
26:33 Forging
26:48 Stone Mining
28:31 Loom
28:32 Town Watch
33:04 Imperial Age
31:13 Gold Shaft Mining
31:11 Bloodlines
32:02 Iron Casting
33:15 Hand Cart
32:45 Cavalier
34:02 Plate Barding Armor
33:48 Conscription
34:03 Heavy Camel Rider
36:17 Blast Furnace
38:12 Chemistry
38:37 Capped Ram
39:55 Siege Ram
46:07 Fletching
ramax
10:38 Feudal Age
12:11 Loom
16:03 Castle Age
14:17 Double-Bit Axe
15:32 Horse Collar
17:49 Bow Saw
17:57 Padded Archer Armor
24:57 Bloodlines
27:21 Leather Archer Armor
28:01 Heavy Plow
33:05 Imperial Age
31:55 Husbandry
33:17 Wheelbarrow
32:05 Light Cavalry
32:52 Gold Mining
34:13 Conscription
36:17 Scale Barding Armor
38:01 Chain Barding Armor
38:15 Ring Archer Armor
40:27 Plate Barding Armor
40:38 Forging
46:43 Capped Ram
49:14 Hussar
50:30 Iron Casting
Connection lost

Rejoining the realm…

Still unreachable

The connection could not be restored.

Session expired

The server has moved on; the page needs a fresh start.